 Dungeon Crawl Stone Soup version 0.30-a0-757-ga6a79fd877 (webtiles) character file.

Game seed: 11091376947321261890

122 Newt the Shooter (level 5, -1/35 HPs)
             Began as a Kobold Hunter on Feb 9, 2023.
             Slain by a frilled lizard (2 damage)
             ... in a sewer.
             The game lasted 00:02:48 (2112 turns).

Newt the Shooter (Kobold Hunter)                    Turns: 2112, Time: 00:02:49

Health: -1/35      AC:  4    Str:  8    XL:     5   Next: 27%
Magic:  5/5        EV: 11    Int: 10    God:
Gold:   107        SH:  0    Dex: 21    Spells: 4/4 levels left

rFire   . . .      SeeInvis .    a - +0 shortbow
rCold   . . .      Faith    .    (shield currently unavailable)
rNeg    . . .      Spirit   .    c - +0 leather armour
rPois   .          Reflect  .    (no helmet)
rElec   .          Harm     .    l - +0 cloak
rCorr   .          Rampage  .    (no gloves)
Will    .....                    (no boots)
Stlth   ++                       n - amulet of magic regeneration
HPRegen 0.25/turn                (no ring)
MPRegen 0.49/turn                (no ring)

@: brilliant, constricted, very slow
A: small, no large weapons, nightstalker 3
a: no special abilities


You were in a sewer.
You visited 1 branch of the dungeon, and saw 3 of its levels.
You also visited: Sewer.

You collected 107 gold pieces.

Inventory:

Hand Weapons
 a - a +0 shortbow (weapon)
Missiles
 j - a boomerang of dispersal
Armour
 c - a +0 leather armour (worn)
 l - a +0 cloak (worn)
Jewellery
 n - an amulet of magic regeneration (around neck)
Wands
 p - a wand of polymorph (11)
Scrolls
 b - a scroll of immolation
Potions
 d - 2 potions of flight
 e - a potion of magic
 f - a potion of attraction
 g - a potion of lignification {unknown}
 i - a potion of might {unknown}
 k - a potion of brilliance
 m - a potion of mutation {unknown}


   Skills:
 - Level 5.0 Fighting
 + Level 6.1 Ranged Weapons
 - Level 2.4 Dodging
 - Level 1.3 Stealth


You had 4 spell levels left.
You didn't know any spells.
Your spell library contained the following spells:

 Spells                   Type           Power      Damage    Failure   Level
 Slow                     Hex            0%         N/A       50%         1
 Ensorcelled Hibernation  Hex/Ice        0%         N/A       63%         2
 Passwall                 Tmut/Erth      0%         N/A       63%         2
 Confusing Touch          Hex            0%         N/A       86%         3
 Inner Flame              Hex/Fire       0%         N/A       86%         3
 Swiftness                Air            0%         N/A       86%         3
 Leda's Liquefaction      Hex/Erth       0%         N/A       99%         4
 Silence                  Hex/Air        0%         N/A       100%        5


Dungeon Overview and Level Annotations

Branches:
Dungeon (3/15)              Sewer (1/1)

Altars:
Vehumet

Shops:
D:1 ?


Innate Abilities, Weirdness & Mutations

You are small and have problems with some larger weapons.
You are completely attuned to the shadows.


Message History

* * * LOW HITPOINT WARNING * * *
The frilled lizard bites you but does no damage.
The jackal bites you but does no damage.
The ball python barely misses you. The ball python constricts you.
The rat barely misses you. The frilled lizard closely misses you.
Throw: 2 boomerangs (disperse)
Press: ? - help, Shift-Dir - straight line, f - kobold brigand, p - ball python
Aim: a kobold brigand, wielding a +0 whip and quivering curare-tipped darts (heavily wounded, 58% to hit)
You throw a boomerang of dispersal.
The boomerang of dispersal hits the kobold brigand.
The kobold brigand blinks!
The jackal bites you but does no damage.
The ball python closely misses you. The ball python constricts you.
The jackal splashes around in the water.
The rat barely misses you. The frilled lizard barely misses you.
The ball python bites you but does no damage.
The ball python constricts you.
Fire: a) +0 shortbow
Press: ? - help, Q - select action, (/) - cycle Shift-Dir - straight line, f - ball python, p - kobold brigand
Aim: a ball python (heavily wounded, constricting you, 64% to hit)
You shoot an arrow.
The arrow closely misses the ball python.
The jackal bites you but does no damage.
The rat barely misses you. The frilled lizard barely misses you.
The ball python bites you but does no damage.
The ball python constricts you.
* * * LOW HITPOINT WARNING * * *
The jackal bites you but does no damage.
Fire: a) +0 shortbow
Press: ? - help, Q - select action, (/) - cycle Shift-Dir - straight line, f/p - ball python
Aim: a ball python (heavily wounded, constricting you, 64% to hit)
You shoot an arrow.
The arrow hits the ball python but does no damage.
The ball python is heavily wounded.
The jackal bites you.
* * * LOW HITPOINT WARNING * * *
The ball python closely misses you. The ball python constricts you.
* * * LOW HITPOINT WARNING * * *
The rat bites you but does no damage. The frilled lizard bites you.
You die...

#..~~.
#~...~ #
#~~~..
~#~#)r...
~..P@Sl~~
.KP~lh~..
.~~~..~.~
~~.#~#...
~.##~####
P.


You could see a kobold brigand, a jackal, a ball python, 2 frilled lizards and a
rat.

Vanquished Creatures
  4 adders
  2 river rats (D:3)
  A worm (D:3)
  3 dart slugs
  7 ball pythons
  7 bats (D:2)
  An endoplasm (D:2)
  2 giant cockroaches
  4 goblins
  4 hobgoblins
  7 jackals
  10 kobolds
  A quokka (D:1)
  3 frilled lizards
  3 rats
59 creatures vanquished.

Vanquished Creatures (others)
  7 plants
7 creatures vanquished.

Grand Total: 66 creatures vanquished

Notes
Turn   | Place    | Note
-------+----------+-------------------------------------------
     0 | D:1      | Newt the Kobold Hunter began the quest for the Orb.
     0 | D:1      | Reached XP level 1. HP: 12/12 MP: 1/1
    94 | D:1      | Found Omposs's Magic Scroll Shoppe.
   249 | D:1      | Reached XP level 2. HP: 18/18 MP: 2/2
   437 | D:1      | Reached XP level 3. HP: 19/23 MP: 3/3
  1249 | D:2      | Reached XP level 4. HP: 30/30 MP: 4/4
  1613 | D:2      | Reached skill level 5 in Fighting
  1990 | D:3      | Found a radiant altar of Vehumet.
  2060 | D:3      | Got Matwutocw's Lessons on the Faeries
  2067 | D:3      | Reached XP level 5. HP: 34/35 MP: 5/5
  2079 | D:3      | Reached skill level 6 in Ranged Weapons
  2085 | D:3      | Found a glowing drain.
  2091 | Sewer    | Entered a sewer
  2099 | Sewer    | Noticed a kobold brigand
  2112 | Sewer    | HP: 1/35 [constriction (1)]
  2112 | Sewer    | Slain by a frilled lizard

Illustrated notes

Levels and vault maps discovered:
D:1:      nzn_arrival_crosshair, layout_loops_ring, serial_shops, shop_statue,
          dk_noncrumbling_2, minivault_27, minmay_misc_feat_diagonals,
          minmay_unequal
D:2:      layout_loops_ring, serial_bayou_pond_b, kennysheep_flooded_box,
          roderic_malta_cross
D:3:      layout_basic, vehumet_statue, tso_oasis_becter,
          nemelex_diamond_rough_becter, portal_sewer_entry_b
Sewer:    sewer_co_scattered_pipes

Skill      XL: |  1  2  3  4  5 |
---------------+----------------+-----
Fighting       | 3 4 5 |  5.0
Ranged Weapons | 6 |  6.1
Dodging        | |  2.4
Stealth        | |  1.3

Action                     |  1- 3 |  4- 6 || total
---------------------------+-------+-------++-------
   Fire: Shortbow          |    61 |    58 ||   119
  Throw: Boomerang         |       |     2 ||     2
    Use: Scroll            |     4 |     4 ||     8
         Potion            |       |     1 ||     1
 Armour: Leather armour    |     3 |    41 ||    44
  Dodge: Dodged            |     9 |    80 ||    89

Table legend: (Time is in decaauts)
 A = Elapsed time spent in this place.
 B = Non-inter-level travel time spent in this place.
 C = Inter-level travel time spent in this place.
 D = Time resting spent in this place.
 E = Time spent auto-exploring this place.
 F = Levels seen in this place.
 G = Mean time per level.
                   A        B        C        D        E       F      G
               +--------+--------+--------+--------+--------+-----+--------+
         Total |   2150 |   1937 |    213 |      0 |   1600 |   4 |  537.5 |
       Dungeon |   2126 |   1913 |    213 |      0 |   1599 |   3 |  708.7 |
         Sewer |     24 |     24 |      0 |      0 |      1 |   1 |   24.0 |
               +--------+--------+--------+--------+--------+-----+--------+

Top non-repeatable levels by time:
     D:1: 979 daAuts
     D:2: 932 daAuts
     D:3: 214 daAuts
   Sewer: 24 daAuts
